 Dungeon Crawl Stone Soup version 0.20-a0-910-gb611367 (webtiles) character file.

101 tarabluh the Slasher (level 4, -2/33 HPs)
             Began as a Demonspawn Gladiator on Mar 24, 2017.
             Killed from afar by Psyclone's ghost (12 damage)
             ... with a flame tongue
             ... on level 3 of the Dungeon.
             The game lasted 00:02:25 (2494 turns).

tarabluh the Slasher (Demonspawn Gladiator)         Turns: 2494, Time: 00:02:26

Health: -2/33      AC: 13    Str: 16    XL:     4   Next: 48%
Magic:  4/4        EV:  7    Int:  9    God:
Gold:   143        SH:  0    Dex: 14    Spells: 3/3 levels left

rFire    . . .     SeeInvis .   a - +0 long sword
rCold    . . .     Gourm    .   r - +0 chain mail
rNeg     . . .     Faith    .   (no shield)
rPois    .         Spirit   .   c - +0 helmet
rElec    .         Reflect  .   (no cloak)
rCorr    .         Harm     .   g - +0 pair of gloves
MR       .....                  (no boots)
Stlth    ..........             (no amulet)
Regen    0.2/turn               (no ring)
MPRegen  0.1/turn               (no ring)

@: no status effects
A: icy blue scales 2
a: no special abilities


You were on level 3 of the Dungeon.
You were not hungry.

You visited 1 branch of the dungeon, and saw 3 of its levels.

You collected 143 gold pieces.

Inventory:

Hand Weapons
 a - a +0 long sword (weapon)
Missiles
 d - 3 throwing nets (quivered)
Armour
 b - a +0 leather armour
 c - a +0 helmet (worn)
 g - a +0 pair of gloves (worn)
 r - a +0 chain mail (worn)
Scrolls
 i - a scroll of noise {unknown}
 k - 2 scrolls of immolation {unknown}
 o - a scroll of magic mapping {unknown}
 s - a scroll of amnesia {unknown}
 t - a scroll of identify {unknown}
Potions
 e - 2 potions of brilliance {unknown}
 h - 4 potions of curing {unknown}
 n - a potion of heal wounds {unknown}
 p - a potion of lignification {unknown}
Comestibles
 f - a bread ration
 j - 2 royal jellies
 l - a fruit
 m - 3 meat rations
 q - 3 chunks of flesh


   Skills:
 - Level 2.0 Fighting
 * Level 4.8 Long Blades
 - Level 1.7 Throwing
 - Level 2.6 Dodging


You had 3 spell levels left.
You didn't know any spells.

Dungeon Overview and Level Annotations

Branches:
Dungeon (3/15)

Altars:
Fedhas

Annotations:
D:3 Psyclone's ghost, amateur OpFE


Innate Abilities, Weirdness & Mutations

You are mostly covered in icy blue scales. (AC +3)


Message History

The flame tongue hits you!
You hit Psyclone's ghost.
Psyclone's ghost is severely damaged.
Psyclone's ghost hits you but does no damage.
You closely miss Psyclone's ghost.
Psyclone's ghost is severely damaged.
Psyclone's ghost hits you.
* * * LOW HITPOINT WARNING * * *
Your chain mail prevents you from hitting Psyclone's ghost.
Psyclone's ghost is severely damaged.
Psyclone's ghost hits you but does no damage.
You closely miss Psyclone's ghost.
Psyclone's ghost is severely damaged.
Psyclone's ghost lets out a mournful wail.
Psyclone's ghost hits you but does no damage.
You hit Psyclone's ghost.
Psyclone's ghost is severely damaged.
Psyclone's ghost casts a spell at you. The flame tongue hits you!
You die...

#.+...+.≈≈_≈≈+
#.#...##.≈≈..#
#.#...##.≈..≈#
#.#...# #....####
#!#...#####.....#
#.#...##<.##...##
#.#...##[..#...#
#.#...###)'#...#+
#@##....###÷....##
#W##..............
#.##.........8....
#.................
#.##...^###.....##
#.##...## +#...#+
#.##...# #...#
#%###### ...#
#...........# ....


You could see Psyclone's ghost.

Vanquished Creatures
  5 adders
  2 worms (D:2)
  2 dart slugs
  A leopard gecko (D:1)
  2 ball pythons
  3 giant cockroaches
  3 goblins
  8 hobgoblins
  6 kobolds
  A quokka (D:2)
  3 bats
  A frilled lizard (D:2)
  10 rats
47 creatures vanquished.

Notes
Turn   | Place    | Note
-------+----------+-------------------------------------------
     0 | D:1      | tarabluh the Demonspawn Gladiator began the quest for the Orb.
     0 | D:1      | Reached XP level 1. HP: 16/16 MP: 1/1
   251 | D:1      | Reached skill level 3 in Long Blades
   337 | D:1      | Gained mutation: You are partially covered in icy blue scales. (AC +2) [demonic ancestry]
   337 | D:1      | Reached XP level 2. HP: 20/22 MP: 2/2
  1028 | D:1      | Gained mutation: You are mostly covered in icy blue scales. (AC +3) [demonic ancestry]
  1028 | D:1      | Reached XP level 3. HP: 27/27 MP: 3/3
  1120 | D:2      | Reached skill level 4 in Long Blades
  1780 | D:2      | Reached XP level 4. HP: 16/33 MP: 4/4
  2436 | D:3      | Found a blossoming altar of Fedhas.
  2474 | D:3      | Noticed Psyclone's ghost (amateur OpFE)
  2494 | D:3      | Killed from afar by Psyclone's ghost

Vault maps used:
D:1:      nagdon_arrival_zigzag_paths, minmay_misc_feat_ornament
D:2:      serial_bayou_crossing
D:3:      fedhas_altar_2, first_bread, grunt_ministairs_6

Skill      XL: |  1  2  3 |
---------------+----------+-----
Long Blades    | 3 4 |  4.8
Fighting       | |  2.0
Throwing       | |  1.7
Dodging        | |  2.6

Action                   |  1- 3 |  4- 6 || total
-------------------------+-------+-------++-------
Melee: Long sword        |   115 |    51 ||   166
 Stab: Sleeping          |     3 |       ||     3
  Eat: Chunk             |     3 |     2 ||     5
Armor: Leather armour    |    50 |     2 ||    52
       Chain mail        |       |    30 ||    30
Dodge: Dodged            |    79 |    22 ||   101
       Rpst.: Long sword |    30 |     4 ||    34
